 Dungeon Crawl Stone Soup version 0.26.1-11-gd32895ea62 (webtiles) character file.

Game seed: 12273299225912997424

17533 jlumianski the Cleaver (level 12, -4/94 HPs)
             Began as a Gnoll Warper on July 1, 2021.
             Was a High Priest of Okawaru.
             Shot with an arrow by Nessos (15 damage)
             ... on level 13 of the Dungeon.
             The game lasted 01:26:01 (16174 turns).

jlumianski the Cleaver (Gnoll Warper)              Turns: 16174, Time: 01:26:01

Health: -4/94      AC: 11    Str: 12    XL:     12   Next: 49%
Magic:  12/25      EV: 16    Int: 23    God:    Okawaru [*****.]
Gold:   432        SH:  0    Dex: 15    Spells: 21/29 levels left

rFire    + . .     SeeInvis +   e - +10 executioner's axe of Division {vorpal, Will++ Str-2}
rCold    . . .     Faith    .   (shield currently unavailable)
rNeg     . . .     Spirit   .   h - +1 ring mail {rPois}
rPois    +         Reflect  .   Y - +0 hat {Int+3}
rElec    .         Harm     .   v - +0 cloak
rCorr    .         Rampage  .   m - +0 pair of gloves
Will     ++...                  o - +0 pair of boots
Stlth    +++.......             l - amulet of regeneration
HPRegen  0.65/turn              L - ring of protection from fire
MPRegen  0.19/turn              J - ring of see invisible

@: lethally poisoned (-4 -> -5), studying Axes
A: distributed training, fangs 1, strong nose
a: Renounce Religion, Heroism, Finesse


You were on level 13 of the Dungeon.
You worshipped Okawaru.
Okawaru was extremely pleased with you.
You visited 2 branches of the dungeon, and saw 14 of its levels.

You collected 639 gold pieces.
You spent 207 gold pieces at shops.

Inventory:

Hand Weapons
 e - the +10 executioner's axe of Division (weapon) {vorpal, Will++ Str-2}
   (Okawaru gifted it to you on level 12 of the Dungeon)

   It inflicts extra damage upon your enemies.
   It affects your strength (-2).
   It affects your willpower, your defense against some magical effects.
 k - a +4 battleaxe
 O - a +2 rapier of flaming
 Z - a +3 shortbow
Missiles
 c - 383 stones
 g - 260 arrows
 j - 6 boomerangs (quivered)
 n - 44 poisoned darts
 q - 3 throwing nets
 M - 8 javelins
Armour
 h - a +1 ring mail of poison resistance (worn)
 m - a +0 pair of gloves (worn)
 o - a +0 pair of boots (worn)
 v - a +0 cloak (worn)
 Y - a +0 hat of intelligence (worn)
Jewellery
 l - an amulet of regeneration (around neck)
 w - a +4 ring of protection
 B - a cursed ring of protection from fire
 J - a ring of see invisible (right hand)
 L - a ring of protection from fire (left hand)
 R - an uncursed ring of resist corrosion
Wands
 a - a wand of flame (10)
 b - a wand of polymorph (7)
 y - a wand of iceblast (17)
 E - a wand of paralysis (10)
 T - a wand of digging (6)
 W - a wand of enslavement (9)
Scrolls
 d - 3 scrolls of blinking
 f - 5 scrolls of remove curse
 A - 2 scrolls of fear
 G - 2 scrolls of fog
 I - a scroll of magic mapping
 U - 5 scrolls of identify
 V - 5 scrolls of teleportation
Potions
 i - 3 potions of brilliance
 p - a potion of cancellation
 s - 2 potions of curing
 z - a potion of haste
 H - a potion of flight
 K - a potion of berserk rage
 Q - a potion of ambrosia
 X - a potion of might
Books
 F - a manual of Axes


   Skills:
 + Level 8.7 Fighting
 + Level 7.3 Short Blades
 + Level 7.3 Long Blades
 + Level 10.9 Axes
 + Level 7.3 Maces & Flails
 + Level 7.3 Polearms
 + Level 7.3 Staves
 + Level 7.3 Slings
 + Level 7.3 Bows
 + Level 7.3 Crossbows
 + Level 7.8 Throwing
 + Level 7.8 Armour
 + Level 8.7 Dodging
 + Level 7.3 Stealth
 + Level 7.3 Shields
 + Level 7.3 Unarmed Combat
 + Level 9.0 Spellcasting
 + Level 6.1 Conjurations
 + Level 6.1 Hexes
 + Level 6.1 Summonings
 + Level 6.1 Necromancy
 + Level 8.3 Translocations
 + Level 6.1 Transmutations
 + Level 6.1 Fire Magic
 + Level 6.1 Ice Magic
 + Level 6.1 Air Magic
 + Level 6.1 Earth Magic
 + Level 6.1 Poison Magic
 + Level 8.0 Invocations
 + Level 7.3 Evocations


You had 21 spell levels left.
You knew the following spells:

 Your Spells              Type           Power        Failure   Level
a - Blink                 Tloc           N/A          1%          2
b - Gell's Gravitas       Tloc           24%          1%          3
c - Confusing Touch       Hex            38%          3%          3

Your spell library contained the following spells:

 Spells                   Type           Power        Failure   Level
 Lesser Beckoning         Tloc           24%          1%          3
 Teleport Other           Tloc           48%          1%          3
 Passage of Golubria      Tloc           N/A          4%          4
 Petrify                  Tmut/Erth      38%          10%         4
 Metabolic Englaciation   Hex/Ice        19%          28%         5
 Yara's Violent Unravell  Hex/Tmut       19%          28%         5


Dungeon Overview and Level Annotations

Branches:
Dungeon (13/15)            Temple (1/1) D:5            Lair (0/6) D:11
    Orc (0/2) D:9
 Vaults: D:13-14

Altars:
Ashenzari
Cheibriados
Dithmenos
Elyvilon
Fedhas
Gozag
Hepliaklqana
Kikubaaqudgha
Makhleb
Nemelex Xobeh
Okawaru
Qazlal
Sif Muna
Trog
Uskayaw
Vehumet
Wu Jian
Xom
Yredelemnul
Zin
The Shining One

Shops:
D:5 **   D:7 [   D:8 *[!=*   D:11 [

Portals:
Trove: D:12 (give 9 potions of haste)

Annotations:
D:5 1 runed translucent door, Sigmund; vexzain's ghost, novice NaVM
D:8 3 runed translucent doors, ubername's ghost, novice BaWz
D:9 exclusion: ice statue
D:10 3 runed translucent doors, exclusion: obsidian statue, ubername's ghost, novice BaIE
D:13 Nessos


Innate Abilities, Weirdness & Mutations

Your experience applies equally to all skills.
You have very sharp teeth.
Your uncanny sense of smell can sniff out nearby items.


Message History

You hit the human.
The human is heavily wounded.
Nessos blinks! x2; Nessos wields a +1 longbow of flaming.
It bursts into flame!
Nessos shoots an arrow.
The arrow hits you! The arrow burns you.
A human comes into view.
Nessos shoots an arrow.
The arrow hits you!! The arrow burns you. The human barely misses you.
Nessos shoots an arrow.
The arrow hits you!!
* * * LOW HITPOINT WARNING * * *
The arrow burns you.
* * * LOW HITPOINT WARNING * * *
You see here 2 arrows.
Nessos unwields a +1 longbow of flaming.
It stops flaming.
Nessos closely misses you. Nessos completely misses you.
Nessos closely misses you. Nessos barely misses you.
Nessos blinks!
Nessos wields a +1 longbow of flaming.
It bursts into flame!
Nessos shoots an arrow.
The arrow hits you!
* * * LOW HITPOINT WARNING * * *
You are poisoned.
You feel sick.
Nessos shoots an arrow.
The arrow hits you!
You die...

###...#######...##
#........)...)...#
##.##'#########+##.....
#..#...### ##...## ##.
#....8...###...8...
#..#.............#.#
##.###=...<)...###.#
#.# ###.....###...# #.#
##.8@## ..# #.#
###.....### ..#
##.###....>..pY###.##
#..#...........(p#ยง.#
#....8c..###..p8(Ypp#
#..#...###
###...#pps.....
##.##.## ###'####.....(
#.......# #...# #po...
#.####### #..## .....


You could see Nessos (fast), 2 yaks and 5 humans.

Vanquished Creatures
  Gastronok (D:11)
  A hydra (D:8)
  A boulder beetle (D:12)
  Erica (D:10)
  A centaur warrior (D:13)
  3 skeletal warriors
  2 ugly things
  A centaur zombie (D:8)
  A cyclops (D:10)
  A komodo dragon (D:10)
  2 trolls
  Grinder (D:6)
  A meliai zombie (D:12)
  16 yaks
  3 humans (D:13)
  A wyvern (D:13)
  2 wraiths (D:12)
  A basilisk (D:12)
  3 water moccasins
  5 orc warriors
  4 ice beasts
  3 sky beasts
  7 ogres
  An eye of draining (D:12)
  4 phantoms
  A necrophage (D:9)
  6 centaurs
  8 bullfrogs
  2 water moccasin zombies
  3 scorpions
  5 wights (D:10)
  9 howler monkeys
  An electric eel (D:8)
  A quasit (D:12)
  A bullfrog zombie (D:6)
  5 orc priests
  Crazy Yiuf (D:6)
  9 hounds
  2 iguanas
  4 jellies
  12 orc wizards
  Ijyb (D:4)
  3 worker ants
  A killer bee zombie (D:8)
  7 adders
  8 gnolls
  A shadow imp (D:8)
  2 white imps
  An ufetubus (D:9)
  3 oozes
  2 adder zombies
  4 worms
  5 dart slugs
  5 leopard geckos
  23 orcs
  7 bats
  8 giant cockroaches
  9 goblins
  9 hobgoblins
  8 jackals
  12 kobolds
  5 quokkas
  2 ball pythons
  3 frilled lizards
  A jackal skeleton (D:5)
  A leopard gecko skeleton (D:9)
  9 rats
277 creatures vanquished.

Vanquished Creatures (others)
  An orc wizard (D:3)
  7 withered plants
8 creatures vanquished.

Grand Total: 285 creatures vanquished

Notes
Turn   | Place    | Note
-------+----------+-------------------------------------------
     0 | D:1      | jlumianski the Gnoll Warper began the quest for the Orb.
     0 | D:1      | Reached XP level 1. HP: 20/20 MP: 6/6
    42 | D:1      | Reached XP level 2. HP: 21/26 MP: 7/7
   413 | D:1      | Reached skill level 5 in Spellcasting
   413 | D:1      | Reached XP level 3. HP: 31/31 MP: 7/9
   416 | D:1      | Learned a level 2 spell: Blink
   420 | D:1      | Learned a level 3 spell: Gell's Gravitas
   969 | D:2      | Reached skill level 1 in Invocations
  1058 | D:2      | Reached skill level 1 in Short Blades
  1058 | D:2      | Reached skill level 1 in Long Blades
  1058 | D:2      | Reached skill level 1 in Maces & Flails
  1058 | D:2      | Reached skill level 1 in Polearms
  1058 | D:2      | Reached skill level 1 in Staves
  1058 | D:2      | Reached skill level 1 in Slings
  1058 | D:2      | Reached skill level 1 in Bows
  1058 | D:2      | Reached skill level 1 in Crossbows
  1058 | D:2      | Reached skill level 1 in Stealth
  1058 | D:2      | Reached skill level 1 in Shields
  1058 | D:2      | Reached skill level 1 in Unarmed Combat
  1058 | D:2      | Reached skill level 1 in Evocations
  1173 | D:2      | Reached XP level 4. HP: 14/38 MP: 11/11
  1699 | D:2      | Reached skill level 1 in Conjurations
  1699 | D:2      | Reached skill level 1 in Hexes
  1699 | D:2      | Reached skill level 1 in Summonings
  1699 | D:2      | Reached skill level 1 in Necromancy
  1699 | D:2      | Reached skill level 1 in Transmutations
  1699 | D:2      | Reached skill level 1 in Fire Magic
  1699 | D:2      | Reached skill level 1 in Ice Magic
  1699 | D:2      | Reached skill level 1 in Air Magic
  1699 | D:2      | Reached skill level 1 in Earth Magic
  1699 | D:2      | Reached skill level 1 in Poison Magic
  1711 | D:2      | Reached XP level 5. HP: 26/43 MP: 3/12
  2045 | D:2      | Found a bloodstained altar of Trog.
  2670 | D:3      | Noticed an orc warrior
  2690 | D:3      | HP: 1/43 [orc wizard/magic dart (8)]
  2693 | D:3      | Reached XP level 6. HP: 2/50 MP: 3/13
  4070 | D:3      | Found an ancient bone altar of Kikubaaqudgha.
  4071 | D:3      | You fall into a shaft and drop 3 floors!
  4179 | D:6      | Found a broken altar of Ashenzari.
  4231 | D:6      | Reached skill level 5 in Fighting
  4231 | D:6      | Reached skill level 5 in Axes
  4231 | D:6      | Reached skill level 5 in Dodging
  4409 | D:5      | Entered Level 5 of the Dungeon
  4409 | D:5      | Found a shadowy altar of Dithmenos.
  4465 | D:5      | Noticed Sigmund
  4473 | D:5      | Noticed Grinder
  4478 | D:6      | Reached XP level 7. HP: 39/56 MP: 9/15
  4490 | D:6      | Killed Grinder
  4604 | D:5      | HP: 1/56 [acid (6)]
  4700 | D:5      | Found a staircase to the Ecumenical Temple.
  4708 | Temple   | Entered the Ecumenical Temple
  4717 | Temple   | Became a worshipper of Warmaster Okawaru
  4738 | D:5      | Reached XP level 8. HP: 62/63 MP: 16/16
  5045 | D:4      | Noticed Ijyb
  5054 | D:4      | Paralysed by Ijyb for 4 turns
  5063 | D:4      | Paralysed by Ijyb for 4 turns
  5069 | D:4      | Killed Ijyb
  5302 | D:4      | Found a snail-covered altar of Cheibriados.
  5729 | D:5      | Found a stormy altar of Qazlal.
  5861 | D:5      | Found Jupsumes's Assorted Antiques.
  5870 | D:5      | Found Vomisuw's General Store.
  5878 | D:5      | Found a runed translucent door.
  5946 | D:5      | Noticed vexzain's ghost (novice NaVM)
  5993 | D:5      | Found an ornate altar of the Wu Jian Council.
  5996 | D:5      | Found a blossoming altar of Fedhas.
  6001 | D:5      | Found a glowing golden altar of the Shining One.
  6011 | D:5      | Found a burning altar of Makhleb.
  6127 | D:6      | Found a basalt altar of Yredelemnul.
  6400 | D:6      | Reached skill level 6 in Axes
  6493 | D:6      | Reached * piety under Okawaru
  6627 | D:6      | Found a runed translucent door.
  6628 | D:6      | Noticed Crazy Yiuf
  6641 | D:6      | Killed Crazy Yiuf
  6738 | D:6      | Reached XP level 9. HP: 67/69 MP: 18/18
  6984 | D:7      | Found Rixa's Antique Armour Boutique.
  6993 | D:7      | Bought a shiny ring mail for 119 gold pieces
  7570 | D:8      | Found Hauxku's Assorted Antiques.
  7599 | D:8      | Found Dyry's Antique Armour Boutique.
  7653 | D:8      | Found Saot's Distillery.
  7864 | D:8      | Found Fudom's Jewellery Shoppe.
  7889 | D:8      | Found Regusk's General Store.
  7908 | D:8      | Found a runed translucent gate.
  7910 | D:8      | Found a runed translucent gate.
  7911 | D:8      | Found a runed translucent gate.
  7946 | D:8      | Noticed ubername's ghost (novice BaWz)
  8027 | D:8      | Reached ** piety under Okawaru
  8028 | D:8      | Reached skill level 7 in Axes
  8028 | D:8      | Reached skill level 5 in Throwing
  8028 | D:8      | Reached skill level 5 in Armour
  8056 | D:8      | Bought a potion of mutation for 88 gold pieces
  8315 | D:8      | Noticed a five-headed hydra
  8512 | D:8      | Killed a five-headed hydra
  8512 | D:8      | Reached *** piety under Okawaru
  8513 | D:8      | Reached skill level 5 in Invocations
  8513 | D:8      | Reached XP level 10. HP: 48/77 MP: 20/20
  8764 | D:8      | Reached skill level 5 in Short Blades
  8764 | D:8      | Reached skill level 5 in Long Blades
  8764 | D:8      | Reached skill level 8 in Axes
  8764 | D:8      | Reached skill level 5 in Maces & Flails
  8764 | D:8      | Reached skill level 5 in Polearms
  8764 | D:8      | Reached skill level 5 in Staves
  8764 | D:8      | Reached skill level 5 in Slings
  8764 | D:8      | Reached skill level 5 in Bows
  8764 | D:8      | Reached skill level 5 in Crossbows
  8764 | D:8      | Reached skill level 5 in Stealth
  8764 | D:8      | Reached skill level 5 in Shields
  8764 | D:8      | Reached skill level 5 in Unarmed Combat
  8764 | D:8      | Reached skill level 5 in Evocations
  9000 | D:9      | Found a staircase to the Orcish Mines.
  9167 | D:9      | Noticed an ice statue
  9438 | D:9      | Reached **** piety under Okawaru
  9516 | D:9      | Learned a level 3 spell: Confusing Touch
  9965 | D:10     | Entered Level 10 of the Dungeon
 10026 | D:10     | Found a runed translucent gate.
 10026 | D:10     | Found a runed translucent gate.
 10026 | D:10     | Found a runed translucent gate.
 10027 | D:10     | Found an opulent altar of Gozag.
 10028 | D:10     | Noticed a tengu warrior
 10028 | D:10     | Noticed an obsidian statue
 10029 | D:10     | Noticed ubername's ghost (novice BaIE)
 10029 | D:10     | Noticed a boulder beetle
 10029 | D:10     | Noticed a yaktaur captain
 10401 | D:10     | Noticed a cyclops
 10426 | D:10     | Killed a cyclops
 10791 | D:10     | Noticed Erica
 10841 | D:10     | Killed Erica
 10841 | D:10     | Reached ***** piety under Okawaru
 10842 | D:10     | Reached skill level 9 in Axes
 10842 | D:10     | Reached XP level 11. HP: 72/84 MP: 18/22
 11312 | D:8      | Reached skill level 5 in Conjurations
 11312 | D:8      | Reached skill level 5 in Hexes
 11312 | D:8      | Reached skill level 5 in Summonings
 11312 | D:8      | Reached skill level 5 in Necromancy
 11312 | D:8      | Reached skill level 5 in Transmutations
 11312 | D:8      | Reached skill level 5 in Fire Magic
 11312 | D:8      | Reached skill level 5 in Ice Magic
 11312 | D:8      | Reached skill level 5 in Air Magic
 11312 | D:8      | Reached skill level 5 in Earth Magic
 11312 | D:8      | Reached skill level 5 in Poison Magic
 12553 | D:11     | Noticed a red ugly thing
 12595 | D:10     | Killed a red ugly thing
 12653 | D:11     | Found Qabejyebill's Armour Emporium.
 12654 | D:11     | Noticed Gastronok
 12816 | D:11     | Killed Gastronok
 12944 | D:11     | Found a staircase to the Lair.
 13183 | D:11     | Noticed a skeletal warrior
 13187 | D:11     | Noticed a skeletal warrior
 13191 | D:11     | Noticed a skeletal warrior
 13192 | D:11     | Noticed a skeletal warrior
 13193 | D:11     | Noticed a skeletal warrior
 13384 | D:10     | Killed a skeletal warrior
 13385 | D:10     | Reached skill level 10 in Axes
 13566 | D:11     | HP: 4/86 [skeletal warrior/stone[a skeletal warrior] (13)]
 14072 | D:12     | HP: 2/86 [skeletal warrior/+0 halberd (13)]
 14085 | D:12     | Killed a skeletal warrior
 14085 | D:12     | Received a gift from Okawaru
 14230 | D:11     | Killed a skeletal warrior
 14230 | D:11     | Received a gift from Okawaru
 14360 | D:12     | Reached XP level 12. HP: 93/93 MP: 1/24
 14504 | D:12     | Received a gift from Okawaru
 14522 | D:12     | Got an ancient executioner's axe {god gift}
 14523 | D:12     | Identified the +10 executioner's axe of Division {vorpal,
                  | Will++ Str-2} (Okawaru gifted it to you on level 12 of the
                  | Dungeon)
 15136 | D:12     | Noticed a boulder beetle
 15307 | D:12     | Found a portal to a secret trove of treasure.
 15357 | D:12     | Killed a boulder beetle
 16026 | D:13     | Noticed a centaur warrior
 16036 | D:13     | Killed a centaur warrior
 16162 | D:13     | Noticed Nessos
 16166 | D:13     | Noticed a two-headed ogre
 16167 | D:13     | Received a gift from Okawaru
 16174 | D:13     | Shot with an arrow by Nessos

Illustrated notes

Levels and vault maps discovered:
D:1:      dpeg_arrival_tiny_g, layout_rooms
D:2:      layout_rooms, trog_hazing_becter
D:3:      layout_loops_ring, kiku_gazebo_garden_becter
D:4:      layout_basic, kennysheep_slug_shrine, minmay_manual_mess, uniq_ijyb
D:5:      layout_basic, minitemple, lemuel_round_altar,
          minmay_temple_entry_wispy, gammafunk_ghost_grave, serial_shops, shop,
          shop_statue, grunt_dithmenos_smoke_and_mirrors, uniq_sigmund,
          uniq_grinder
D:6:      layout_cave_pools, marbit_many_paths, evilmike_ruin_ashenzari,
          palyth_stone_intersect, uniq_crazy_yiuf_cottage
D:7:      layout_basic, serial_shops, shop
D:8:      layout_gridville, serial_shops, shop, nicolae_shop_waterfront,
          shop_statue, nicolae_shop_waterfront, nicolae_shop_statue_plus,
          gammafunk_ghost_icy
D:9:      lemuel_ice_statue, layout_gridville, orc_0_dummy
D:10:     layout_layer_cave, ebering_ghost_gozag, nrook_loot_triangle,
          uniq_erica
D:11:     layout_rooms, lair_entry_dummy, serial_shops, shop_statue,
          uniq_gastronok
D:12:     layout_grid_maze, nicolae_trove_entry_columns
D:13:     layout_rooms, david_vaults_3, basic_altar, serial_shops, shop,
          grunt_ministairs_13, hex_large, st_stairs_5, minmay_crystal_room,
          wad_mini_maze, uniq_jorgrun
Temple:   cyrus_circular_temple

Skill      XL: |  1  2  3  4  5  6  7  8  9 10 11 12 |
---------------+-------------------------------------+-----
Spellcasting   | 5 6 7 8 9 |  9.0
Invocations    | 1 2 3 4 5 6 7 8 |  8.0
Short Blades   | 1 2 3 4 5 6 7 |  7.3
Long Blades    | 1 2 3 4 5 6 7 |  7.3
Maces & Flails | 1 2 3 4 5 6 7 |  7.3
Polearms       | 1 2 3 4 5 6 7 |  7.3
Staves         | 1 2 3 4 5 6 7 |  7.3
Slings         | 1 2 3 4 5 6 7 |  7.3
Bows           | 1 2 3 4 5 6 7 |  7.3
Crossbows      | 1 2 3 4 5 6 7 |  7.3
Stealth        | 1 2 3 4 5 6 7 |  7.3
Shields        | 1 2 3 4 5 6 7 |  7.3
Unarmed Combat | 1 2 3 4 5 6 7 |  7.3
Evocations     | 1 2 3 4 5 6 7 |  7.3
Conjurations   | 1 2 3 4 5 6 |  6.1
Hexes          | 1 2 3 4 5 6 |  6.1
Summonings     | 1 2 3 4 5 6 |  6.1
Necromancy     | 1 2 3 4 5 6 |  6.1
Transmutations | 1 2 3 4 5 6 |  6.1
Fire Magic     | 1 2 3 4 5 6 |  6.1
Ice Magic      | 1 2 3 4 5 6 |  6.1
Air Magic      | 1 2 3 4 5 6 |  6.1
Earth Magic    | 1 2 3 4 5 6 |  6.1
Poison Magic   | 1 2 3 4 5 6 |  6.1
Throwing       | 3 4 5 6 7 |  7.8
Armour         | 3 4 5 6 7 |  7.8
Fighting       | 5 6 7 8 |  8.7
Axes           | 5 6 7 9 10 | 10.9
Dodging        | 5 6 7 8 |  8.7
Translocations | 6 7 8 |  8.3

Action                   |  1- 3 |  4- 6 |  7- 9 | 10-12 || total
-------------------------+-------+-------+-------+-------++-------
Melee: Hand axe          |   129 |   184 |       |       ||   313
       Bite              |    13 |    25 |    35 |    55 ||   128
       War axe           |       |    22 |   275 |    52 ||   349
       Punch             |       |     1 |     3 |     1 ||     5
       Quarterstaff      |       |       |    34 |       ||    34
       Battleaxe         |       |       |       |   331 ||   331
       Executioner's axe |       |       |       |    77 ||    77
 Fire: Shortbow          |       |       |    20 |    59 ||    79
Throw: Stone             |    10 |    13 |       |       ||    23
       Boomerang         |       |     2 |       |    38 ||    40
       Dart              |       |     4 |    30 |    50 ||    84
       Javelin           |       |       |       |     8 ||     8
 Cast: Gell's Gravitas   |       |    16 |    11 |    44 ||    71
       Blink             |       |     7 |     5 |    44 ||    56
       Confusing Touch   |       |       |       |     7 ||     7
Invok: Heroism           |       |       |       |     7 ||     7
       Finesse           |       |       |       |     2 ||     2
Evoke: Wand              |       |       |     4 |    20 ||    24
  Use: Scroll            |     1 |     4 |     6 |     7 ||    18
       Potion            |       |     4 |     5 |     3 ||    12
 Stab: Sleeping          |       |     2 |     3 |     5 ||    10
       Distracted        |       |     1 |     1 |       ||     2
       Confused          |       |       |       |     2 ||     2
Armor: Leather armour    |    36 |    37 |       |       ||    73
       Ring mail         |       |    32 |   151 |   166 ||   349
Dodge: Dodged            |   127 |   211 |   229 |   426 ||   993
